| TOP OF THE 1ST |
|
London Majors batting - Pitching for Niagara Falls Phantoms : RHP Tim Berberich
|
|
Pitching: RHP Tim Berberich
|
|
|
Batting: SHB Steve Ramsey
|
0-0: Ball 1-0: Called Strike 1-1: Foul Ball, location: 2F 1-2: Strikes out swinging
|
|
Batting: SHB Toby Patenaude
|
0-0: Ball 1-0: Ball 2-0: Ball 3-0: Base on Balls
|
|
Batting: LHB Jessie Stewart
|
0-0: Ball 1-0: Foul Ball, location: 2F 1-1: Ball 2-1: Swinging Strike 2-2: Grounds into double play, 4-6-3 (Groundball, 4, EV 101.2 MPH)
|
| Top of the 1st over - 0 runs, 0 hits, 0 errors, 0 left on base; London 0 - Niagara Falls 0 |
| BOTTOM OF THE 1ST |
|
Niagara Falls Phantoms batting - Pitching for London Majors : LHP Raul Pimentel
|
|
Pitching: LHP Raul Pimentel
|
|
|
Batting: RHB Alfredo Mendez
|
0-0: Ball 1-0: Fly out, F9 (Line Drive, 9, EV 86.2 MPH)
|
|
Batting: SHB Bruce Shelton
|
0-0: SINGLE (Line Drive, 8RS, EV 108.8 MPH)
|
|
Batting: RHB Jonathan Feldstein
|
0-0: Ball 1-0: Fly out, F8 (Flyball, 8RD, EV 89.4 MPH)
|
|
Batting: RHB Scott Cuff
|
0-0: Called Strike 0-1: Called Strike 0-2: Ball 1-2: Ball 2-2: Foul Ball, location: 2F 2-2: Ball 3-2: Strikes out looking
|
| Bottom of the 1st over - 0 runs, 1 hit, 0 errors, 1 left on base; London 0 - Niagara Falls 0 |
| TOP OF THE 2ND |
|
London Majors batting - Pitching for Niagara Falls Phantoms : RHP Tim Berberich
|
|
Batting: SHB Joe Loveless
|
0-0: Foul Ball, location: 2F 0-1: Ball 1-1: Foul Ball, location: 2F 1-2: Ball 2-2: Strikes out looking
|
|
Batting: RHB Cormackle Poohdatoot
|
0-0: Called Strike 0-1: Foul Ball, location: 2F 0-2: Ball 1-2: DOUBLE (Line Drive, 7LM, EV 100.6 MPH)
|
|
Batting: RHB Tom Bergman
|
0-0: Ground out 6-3 (Groundball, 6, EV 102.5 MPH)
|
|
Batting: RHB Lewis O'Connell
|
0-0: Ball 1-0: Fly out, F8 (Flyball, 8LM, EV 90.0 MPH)
|
| Top of the 2nd over - 0 runs, 1 hit, 0 errors, 1 left on base; London 0 - Niagara Falls 0 |
| BOTTOM OF THE 2ND |
|
Niagara Falls Phantoms batting - Pitching for London Majors : LHP Raul Pimentel
|
|
Batting: RHB Bailey Hays
|
0-0: Swinging Strike 0-1: Swinging Strike 0-2: Strikes out swinging
|
|
Batting: RHB Jim O'Dwyer
|
0-0: Called Strike 0-1: Ball 1-1: Called Strike 1-2: Ground out 4-3 (Groundball, 4M, EV 108.1 MPH)
|
|
Batting: LHB Rip Log
|
0-0: Called Strike 0-1: Ball 1-1: Foul Ball, location: 2F 1-2: Strikes out looking
|
| Bottom of the 2nd over - 0 runs, 0 hits, 0 errors, 0 left on base; London 0 - Niagara Falls 0 |
| TOP OF THE 3RD |
|
London Majors batting - Pitching for Niagara Falls Phantoms : RHP Tim Berberich
|
|
Batting: RHB Frank Pinksen
|
0-0: Called Strike 0-1: Swinging Strike 0-2: Ball 1-2: Ground out 6-3 (Groundball, 6M, EV 90.0 MPH)
|
|
Batting: RHB Jerry Perez
|
0-0: Called Strike 0-1: Ball 1-1: Foul Ball, location: 2F 1-2: Foul Ball, location: 2F 1-2: Foul Ball, location: 2F 1-2: Foul Ball, location: 2F 1-2: Strikes out swinging
|
|
Batting: SHB Steve Ramsey
|
0-0: Ball 1-0: Swinging Strike 1-1: Ball 2-1: Ball 3-1: Base on Balls
|
|
Batting: SHB Toby Patenaude
|
0-0: Ball 1-0: Foul Ball, location: 2F 1-1: Ground out 1-3 (Groundball, 13S, EV 74.4 MPH)
|
| Top of the 3rd over - 0 runs, 0 hits, 0 errors, 1 left on base; London 0 - Niagara Falls 0 |
| BOTTOM OF THE 3RD |
|
Niagara Falls Phantoms batting - Pitching for London Majors : LHP Raul Pimentel
|
|
Batting: LHB Dave Ortiz
|
0-0: Foul Ball, location: 2F 0-1: Ball 1-1: Swinging Strike 1-2: Ball 2-2: Strikes out swinging
|
|
Batting: RHB Juan Perez
|
0-0: Ball 1-0: Called Strike 1-1: Swinging Strike 1-2: Strikes out swinging
|
|
Batting: RHB Alfredo Mendez
|
0-0: Called Strike 0-1: Called Strike 0-2: Strikes out swinging
|
| Bottom of the 3rd over - 0 runs, 0 hits, 0 errors, 0 left on base; London 0 - Niagara Falls 0 |
| TOP OF THE 4TH |
|
London Majors batting - Pitching for Niagara Falls Phantoms : RHP Tim Berberich
|
|
Batting: LHB Jessie Stewart
|
0-0: Ball 1-0: Called Strike 1-1: DOUBLE (Flyball, 8LXD, EV 97.5 MPH)
|
|
Batting: SHB Joe Loveless
|
0-0: Ball 1-0: Called Strike 1-1: Foul Ball, location: 2F 1-2: Strikes out swinging
|
|
Batting: RHB Cormackle Poohdatoot
|
0-0: Ball 1-0: Swinging Strike 1-1: Foul Ball, location: 2F 1-2: Strikes out looking
|
|
Batting: RHB Tom Bergman
|
0-0: Called Strike 0-1: Ball 1-1: Called Strike 1-2: Foul Ball, location: 2F 1-2: Ball 2-2: Fly out, F7 (Flyball, 7D, EV 98.1 MPH)
|
| Top of the 4th over - 0 runs, 1 hit, 0 errors, 1 left on base; London 0 - Niagara Falls 0 |
| BOTTOM OF THE 4TH |
|
Niagara Falls Phantoms batting - Pitching for London Majors : LHP Raul Pimentel
|
|
Batting: SHB Bruce Shelton
|
0-0: Foul Ball, location: 2F 0-1: Swinging Strike 0-2: Ball 1-2: Fly out, F9 (Flyball, 9, EV 90.6 MPH)
|
|
Batting: RHB Jonathan Feldstein
|
0-0: Called Strike 0-1: Ball 1-1: Swinging Strike 1-2: Strikes out swinging
|
|
Batting: RHB Scott Cuff
|
0-0: SOLO HOME RUN (Flyball, 89XD, EV 100.6 MPH), Distance : 396 ft
|
|
Batting: RHB Bailey Hays
|
0-0: Called Strike 0-1: DOUBLE (Line Drive, 7LD, EV 100.6 MPH)
|
|
Batting: RHB Jim O'Dwyer
|
0-0: Ball 1-0: Ball 2-0: Called Strike 2-1: Swinging Strike 2-2: Ball 3-2: Ground out 5-3 (Groundball, 5L, EV 82.5 MPH)
|
| Bottom of the 4th over - 1 run, 2 hits, 0 errors, 1 left on base; London 0 - Niagara Falls 1 |
| TOP OF THE 5TH |
|
London Majors batting - Pitching for Niagara Falls Phantoms : RHP Tim Berberich
|
|
Batting: RHB Lewis O'Connell
|
0-0: Ball 1-0: Foul Ball, location: 2F 1-1: Called Strike 1-2: Ball 2-2: SINGLE (Flyball, 56D, EV 82.5 MPH)
|
|
Batting: RHB Frank Pinksen
|
0-0: Called Strike Lewis O'Connell is caught stealing 2nd base 2-4 0-1: Fly out, F8 (Flyball, 8RM, EV 82.5 MPH)
|
|
Batting: RHB Jerry Perez
|
0-0: Ball 1-0: Ball 2-0: Ball 3-0: Called Strike 3-1: Base on Balls
|
|
Batting: SHB Steve Ramsey
|
0-0: Ball 1-0: Called Strike 1-1: Ball 2-1: Foul Ball, location: 2F 2-2: Foul Ball, location: 2F 2-2: Ball 3-2: Strikes out looking
|
| Top of the 5th over - 0 runs, 1 hit, 0 errors, 1 left on base; London 0 - Niagara Falls 1 |
| BOTTOM OF THE 5TH |
|
Niagara Falls Phantoms batting - Pitching for London Majors : LHP Raul Pimentel
|
|
Batting: LHB Rip Log
|
0-0: Called Strike 0-1: Ball 1-1: Swinging Strike 1-2: Ball 2-2: Strikes out looking
|
|
Batting: LHB Dave Ortiz
|
0-0: Swinging Strike 0-1: Ball 1-1: Ball 2-1: Foul Ball, location: 2F 2-2: Ball 3-2: Reached on error, E4 (Groundball, 4, EV 90.0 MPH)
|
|
Batting: RHB Juan Perez
|
0-0: Ball 1-0: Foul Ball, location: 2F 1-1: Ball 2-1: Sac Bunt to 2R - play at first, batter OUT! 2-3 Dave Ortiz to third
|
|
Batting: RHB Alfredo Mendez
|
0-0: Fly out, F7 (Line Drive, 7, EV 86.9 MPH)
|
| Bottom of the 5th over - 0 runs, 0 hits, 1 error, 1 left on base; London 0 - Niagara Falls 1 |
| TOP OF THE 6TH |
|
London Majors batting - Pitching for Niagara Falls Phantoms : RHP Tim Berberich
|
|
Batting: SHB Toby Patenaude
|
0-0: Fly out, F8 (Flyball, 78M, EV 96.2 MPH)
|
|
Batting: LHB Jessie Stewart
|
0-0: Swinging Strike 0-1: Called Strike 0-2: Strikes out swinging
|
|
Batting: SHB Joe Loveless
|
0-0: Called Strike 0-1: Ball 1-1: Ball 2-1: SINGLE (Groundball, 34D, EV 104.4 MPH)
|
|
Batting: RHB Cormackle Poohdatoot
|
0-0: Called Strike 0-1: Ball 1-1: Foul Ball, location: 2F 1-2: Strikes out swinging
|
| Top of the 6th over - 0 runs, 1 hit, 0 errors, 1 left on base; London 0 - Niagara Falls 1 |
| BOTTOM OF THE 6TH |
|
Niagara Falls Phantoms batting - Pitching for London Majors : LHP Raul Pimentel
|
|
Batting: SHB Bruce Shelton
|
0-0: Ground out 5-3 (Groundball, 56S, EV 60.6 MPH)
|
|
Batting: RHB Jonathan Feldstein
|
0-0: Ball 1-0: Called Strike 1-1: Called Strike 1-2: Ball 2-2: Fly out, F8 (Flyball, 89M, EV 88.8 MPH)
|
|
Batting: RHB Scott Cuff
|
0-0: Ball 1-0: Swinging Strike 1-1: Ball 2-1: Ground out 6-3 (Groundball, 6, EV 98.8 MPH)
|
| Bottom of the 6th over - 0 runs, 0 hits, 0 errors, 0 left on base; London 0 - Niagara Falls 1 |
| TOP OF THE 7TH |
|
London Majors batting - Pitching for Niagara Falls Phantoms : RHP Tim Berberich
|
|
Pinch Hitting: RHB Carlos Murillo
|
0-0: Foul Ball, location: 2F 0-1: Ball 1-1: Called Strike 1-2: Ball 2-2: Ground out U3 (Groundball, 34, EV 95.6 MPH)
|
|
Pinch Hitting: SHB Mike Fermin
|
0-0: Ball 1-0: Called Strike 1-1: Foul Ball, location: 2F 1-2: Strikes out swinging
|
|
Batting: RHB Frank Pinksen
|
0-0: Ground out U3 (Groundball, 3S, EV 85.6 MPH)
|
| Top of the 7th over - 0 runs, 0 hits, 0 errors, 0 left on base; London 0 - Niagara Falls 1 |
| BOTTOM OF THE 7TH |
|
Niagara Falls Phantoms batting - Pitching for London Majors : LHP Raul Pimentel
|
|
Now at SS: Carlos Murillo
|
|
|
Now in LF: Edwin Esparza
|
|
|
Batting: RHB Bailey Hays
|
0-0: Ball 1-0: Called Strike 1-1: Ground out 6-3 (Groundball, 6, EV 103.8 MPH)
|
|
Batting: RHB Jim O'Dwyer
|
0-0: Ball 1-0: Ball 2-0: Foul Ball, location: 2F 2-1: Foul Ball, location: 2F 2-2: Strikes out swinging
|
|
Pinch Hitting: RHB Jose Villanueva
|
0-0: Called Strike 0-1: Ball 1-1: Swinging Strike 1-2: Ball 2-2: Ball 3-2: Base on Balls
|
|
Batting: LHB Dave Ortiz
|
0-0: Ball 1-0: Ball 2-0: Called Strike 2-1: Foul Ball, location: 2F 2-2: Foul Ball, location: 2F 2-2: Fly out, F8 (Flyball, 8RD, EV 83.8 MPH)
|
| Bottom of the 7th over - 0 runs, 0 hits, 0 errors, 1 left on base; London 0 - Niagara Falls 1 |
| TOP OF THE 8TH |
|
London Majors batting - Pitching for Niagara Falls Phantoms : RHP Tim Berberich
|
|
Now in RF: Victor Reyna
|
|
|
Pinch Hitting: RHB Manny Corral
|
0-0: Ball 1-0: Ball 2-0: Ball 3-0: Called Strike 3-1: Base on Balls
|
|
Pinch Hitting: RHB Brandon Williams
|
0-0: Ball 1-0: Called Strike 1-1: Foul Ball, location: 2F 1-2: Ground out U3 (Groundball, 34S, EV 86.2 MPH) Manny Corral to second
|
|
Batting: SHB Toby Patenaude
|
0-0: Called Strike 0-1: Foul Ball, location: 2F 0-2: Ball 1-2: Ball 2-2: Ball 3-2: Foul Ball, location: 2F 3-2: Foul Ball, location: 2F 3-2: SINGLE (Groundball, 4M, EV 100.6 MPH) (infield hit) Manny Corral to third
|
|
Pitching: LHP Brendan Thompson
|
|
|
Pinch Hitting: RHB Chad Colyer
|
0-0: Called Strike 0-1: Swinging Strike 0-2: Strikes out swinging
|
|
Batting: RHB Mel Bohorquez
|
0-0: Called Strike 0-1: Ball 1-1: Ball 2-1: Ball 3-1: Fielders Choice at 2nd, 5-4 (Groundball, 5, EV 85.6 MPH)
|
| Top of the 8th over - 0 runs, 1 hit, 0 errors, 2 left on base; London 0 - Niagara Falls 1 |
| BOTTOM OF THE 8TH |
|
Niagara Falls Phantoms batting - Pitching for London Majors : LHP Raul Pimentel
|
|
Now at 3B: Manny Corral
|
|
|
Now in CF: Joy-shan Li
|
|
|
Now in RF: Salvador Ramos
|
|
|
Batting: RHB Juan Perez
|
0-0: Ball 1-0: Ground out 5-3 (Groundball, 56S, EV 80.6 MPH)
|
|
Batting: RHB Alfredo Mendez
|
0-0: Foul Ball, location: 2F 0-1: Ball 1-1: Foul Ball, location: 2F 1-2: Ground out 5-3 (Groundball, 56, EV 80.6 MPH)
|
|
Batting: SHB Bruce Shelton
|
0-0: Ball 1-0: SINGLE (Flyball, 34D, EV 95.0 MPH)
|
|
Pitching: RHP Bradley Carriere
|
|
|
Batting: RHB Jonathan Feldstein
|
0-0: Called Strike 0-1: Foul Ball, location: 2F 0-2: Ball 1-2: SINGLE (Groundball, 6MD, EV 110.0 MPH) Bruce Shelton to second
|
|
Batting: LHB Luis Ponce
|
0-0: Ball 1-0: Ball 2-0: Swinging Strike 2-1: SINGLE (Line Drive, 6MD, EV 98.1 MPH) Bruce Shelton to third Jonathan Feldstein to second Runner from 3rd tries for Home, SAFE, throw by CF to home
|
|
Pinch Hitting: RHB Todd Wolters
|
0-0: Fly out, F7 (Flyball, 78M, EV 89.4 MPH)
|
| Bottom of the 8th over - 1 run, 3 hits, 0 errors, 2 left on base; London 0 - Niagara Falls 2 |
| TOP OF THE 9TH |
|
London Majors batting - Pitching for Niagara Falls Phantoms : LHP Brendan Thompson
|
|
Now in LF: Hui Li
|
|
|
Now in RF: Victor Reyna
|
|
|
Batting: RHB Cormackle Poohdatoot
|
0-0: Called Strike 0-1: Swinging Strike 0-2: Strikes out swinging
|
|
Batting: RHB Carlos Murillo
|
0-0: Ball 1-0: Ball 2-0: Ball 3-0: Called Strike 3-1: Base on Balls
|
|
Batting: LHB Edwin Esparza
|
0-0: Swinging Strike 0-1: Ball 1-1: Ball 2-1: Ball 3-1: Base on Balls Carlos Murillo to second
|
|
Pinch Hitting: LHB Danny Hamilton
|
0-0: Called Strike 0-1: Foul Ball, location: 2F 0-2: Foul Ball, location: 2F 0-2: Ball 1-2: Ball 2-2: Ball 3-2: Grounds into double play, 4-6-3 (Groundball, 4, EV 78.8 MPH)
|
| Top of the 9th over - 0 runs, 0 hits, 0 errors, 1 left on base; London 0 - Niagara Falls 2 |
|